BlackShift, neutral male human Wizard ------ |.....# ---- ---------- |..<.| |.. ........ |....| |.. ....... -+--.- |..- -.....- # ..| |.....+ # |..| |.....| # |..| |.....| ## |..| -+--...!.----+----+-- | ---.----.-- #|..-+----+--.......u[..%..........| |.........| ##......@..@.....{)...@.{.@.........| |.........| # #|..--+--+---....---+--............| |.........| ####|..| ----.| |.------+-- .| |..........### `|..| |.| |.+ | |.........| ...| +.| |.| |.........| |..| |.| |.| ----------- |..------------.------.--------- | |.................................| |.................................| ----------------------------------- BlackShift the Wizard Experience level: 6 Strength: 12 Dexterity: 11 Constitution: 11 Intelligence: 18 Wisdom: 15 Charisma: 7 Health: 0(45) Energy: 66(82) Def: 2 Gold: 620 Moves: 1781 Dungeon seed [set]: Game ID: BlackShift_1654805027 Your Inventory: Coins $ - 620 gold pieces Amulets k - an uncursed amulet of ESP Weapons a - a blessed +1 quarterstaff (weapon in hands) f - 2 uncursed +0 darts p - a blessed +1 dagger z - 2 uncursed +0 daggers E - a blessed +11 crossbow named Crossbow of Integrity F - a blessed +3 dart Armor e - an uncursed +0 cloak of magic resistance (being worn) B - an uncursed +0 dwarvish cloak D - an uncursed +0 pair of iron shoes I - an uncursed +1 dwarvish cloak J - an uncursed +0 pair of iron shoes L - an uncursed +0 orcish helm Comestibles h - an uncursed carrot j - an uncursed food ration s - an uncursed melon u - an uncursed banana v - an uncursed eucalyptus leaf Scrolls l - an uncursed scroll of scare monster Spellbooks b - a blessed spellbook of force bolt c - an uncursed spellbook of protection Potions g - an uncursed potion of gain ability r - an uncursed potion of speed t - an uncursed potion of water A - an uncursed potion of healing Rings o - an uncursed ring of polymorph control w - an uncursed ring of poison resistance Wands d - an uncursed wand of nothing (0:4) Tools m - an uncursed tin whistle x - an uncursed tin whistle C - an uncursed tallow candle (0:200) G - an uncursed leash H - 4 blessed tallow candles (0:200) K - an uncursed oil lamp (0:1358) Gems n - 8 uncursed rocks q - an uncursed worthless piece of orange glass y - an uncursed worthless piece of violet glass M - an uncursed opal N - 2 uncursed worthless pieces of yellow glass Y - an uncursed worthless piece of black glass Spells and supernatural/magical abilities: Name Level Category Fail Memory a - force bolt 1 attack 0% 92% p - protection 1 clerical 0% 92% W - pray for help -- divine ? -- Your skills at the end: Miscellaneous Skills wands [Basic] stealth [Skilled] Weapon Skills quarterstaff [Basic] Spellcasting Skills attack spells [Skilled] enchantment spells [Basic] clerical spells [Basic] Final Attributes: You were devoutly aligned. You were magic-protected. You were somewhat stealthy. You were protected. You are dead. Vanquished creatures: a giant beetle a dwarf lord an imp 5 gnome lords a gnomish wizard 7 dwarves a kobold lord an iguana 5 hill orcs a monkey 3 orc zombies 8 coyotes a hobbit a gecko 14 gnomes 13 manes a gnome zombie 2 jackals a newt a goblin 2 sewer rats 5 grid bugs 5 lichens 2 kobold zombies 83 creatures vanquished. Voluntary challenges: You did not adorn yourself with jewelry or accessories. You did not cause conflict. You were not invisible. You did not have reflection. You were not displaced. You were an atheist. You used a wielded weapon 6 times, starting on turn 210. You did not use containers. You did not apply a unicorn horn. You did not use plumbed fixtures. You did not drink any magical draughts. You were illiterate. You never genocided any monsters. You never polymorphed an object. You never changed form. You used no wishes. You did not use any artifacts. You never split a pudding. You never wrote Elbereth's name. You never violated your personal moral code. Dungeon overview: The Dungeons of Doom: levels 1 to 4 Level 1 some fountains a long staircase Level 2 a vault Level 3 Level 4 stairs to The Gnomish Mines The Gnomish Mines: levels 5 to 7 Level 5 stairs to The Dungeons of Doom Level 6 Level 7 <- You were here some fountains History has recorded: On T:1 you entered the Dungeons of Doom to retrieve the Amulet of Yendor! On T:32 you reached level 2 of The Dungeons of Doom. On T:32 you unlocked the Ranger role by using stairs. On T:693 you reached level 3 of The Dungeons of Doom. On T:730 you advanced to experience level 2. On T:922 you reached level 4 of The Dungeons of Doom. On T:943 you advanced to experience level 3. On T:1266 you reached level 1 of The Gnomish Mines. On T:1266 you unlocked the Rogue role by using long stairs. On T:1322 you advanced to experience level 4. On T:1353 you advanced to experience level 5. On T:1476 you reached level 2 of The Gnomish Mines. On T:1524 you advanced to experience level 6. On T:1660 you reached level 3 of The Gnomish Mines. Score breakdown: Gold: 620 ( 62 points) Experience: 6 levels ( 500 points) Exploration: 7 levels ( 180 points) Discoveries: 20 items ( 1000 points) Variety of kills: 24 monsters ( 1200 points) Major goal: (nothing yet) ( 0 points) Survival: died (score multiplied by 3) Total score: 8826 Latest messages: The spell hits the hill orc! The spell hits the hill orc! The hill orc wields a crude dagger! The golden haze around you becomes less dense. The spell hits the hill orc! You kill the hill orc! The spell hits the hill orc! The spell hits the hill orc! You kill the hill orc! There are a few objects here. The white unicorn butts! The white unicorn kicks! The white unicorn butts! You die... Final status: Goodbye BlackShift the Wizard, killed by a white unicorn... You died in The Gnomish Mines on dungeon level 7 with 8826 points, and 620 pieces of gold, after 1781 moves. You were level 6 with a maximum of 45 hit points when you died.